 Dungeon Crawl Stone Soup version 0.25-a0-558-g78a2afb0af (webtiles) character file.

Game seed: 7263011692379629228, levelgen mode: classic

13785 EnegeticOcto the Cleaver (level 11, -10/106 HPs)
             Began as a Deep Dwarf Fighter on Feb 24, 2020.
             Was an Elder of Makhleb.
             Mangled by a wolf spider simulacrum (32 damage)
             ... in an ice cave.
             The game lasted 00:05:33 (6604 turns).

EnegeticOcto the Cleaver (Deep Dwarf Fighter)       Turns: 6604, Time: 00:05:34

Health: -10/106    AC: 18    Str: 22    XL:     11   Next: 80%
Magic:  4/4        EV:  8    Int: 10    God:    Makhleb [****..]
Gold:   273        SH: 11    Dex: 12    Spells: 10/10 levels left

rFire    . . .     SeeInvis .   r - +5 war axe (venom)
rCold    . . .     Gourm    .   c - +0 kite shield
rNeg     + . .     Faith    .   y - +1 plate armour {rPois}
rPois    +         Spirit   .   o - +0 helmet
rElec    .         Reflect  .   m - +0 cloak
rCorr    .         Harm     +   z - +0 pair of gloves
MR       +....                  (no boots)
Stlth    ..........             u - amulet of harm
HPRegen  0.00/turn              (no ring)
MPRegen  0.09/turn              l - ring of positive energy

@: non-regenerating
A: damage resistance, heal wounds, sense surroundings 2, no regeneration
a: Heal Wounds, Minor Destruction, Lesser Servant of Makhleb, Major Destruction,
Renounce Religion


You were in an ice cave.
You worshipped Makhleb.
Makhleb was greatly pleased with you.
You were not hungry.

You visited 3 branches of the dungeon, and saw 13 of its levels.
You also visited: Ice Cave.

You collected 923 gold pieces.
You spent 650 gold pieces at shops.

Inventory:

Hand Weapons
 a - a +1 broad axe of freezing
 r - a +5 war axe of venom (weapon)
Missiles
 v - 3 throwing nets (quivered)
Armour
 c - a +0 kite shield (worn)
 m - a +0 cloak (worn)
 o - a +0 helmet (worn)
 y - a +1 plate armour of poison resistance (worn)
 z - a +0 pair of gloves (worn)
Jewellery
 l - a ring of positive energy (right hand)
 u - an amulet of harm (around neck)
Wands
 g - a wand of digging (3) {@v2}
 h - a wand of paralysis (10)
 p - a wand of flame (30)
Scrolls
 b - 3 scrolls of teleportation {@r2}
 d - 4 scrolls of identify {@r1}
 t - a scroll of blinking {@r3}
 A - a scroll of remove curse {@r6}
Potions
 f - 3 potions of invisibility
 i - 2 potions of magic
 j - 2 potions of stabbing {@q5}
 k - 5 potions of might {@q3}
 n - a potion of flight
 q - 2 potions of lignification {@q7}
 s - 3 potions of curing {@q1}
 x - a potion of brilliance {unknown}
Comestibles
 e - 25 rations
 w - 6 chunks of flesh


   Skills:
 * Level 9.4 Fighting
 * Level 10.9 Axes
 + Level 8.3 Armour
 + Level 7.5 Dodging
 + Level 8.2 Shields
 * Level 7.7 Invocations


You had 10 spell levels left.
You didn't know any spells.
Your spell library was empty.

Dungeon Overview and Level Annotations

Branches:
Dungeon (11/15)            Temple (1/1) D:7             Orc (1/2) D:10
  IceCv (1/1)
   Lair: D:8-11

Altars:
Cheibriados
Dithmenos
Fedhas
Gozag
Hepliaklqana
Kikubaaqudgha
Makhleb
Okawaru
Ru
Trog
Uskayaw
Vehumet
Wu Jian
Xom
Zin

Shops:
D:5 !   D:7 :=   D:10 [   Orc:1 [


Innate Abilities, Weirdness & Mutations

You are resistant to damage.
You can heal yourself by infusing magical energy.
You passively map the area around you.
You do not regenerate.


Message History

a +0 hand axe; a +0 ring mail; a +0 falchion; an orc skeleton
Items here: )) [ ÷ a +0 hand axe; a +0 ring mail; a +0 falchion; an orc skeleton
Items here: )) †† a cursed +0 whip; a +0 short sword; an orc corpse x2
You butcher the orc corpse.
w - 5 chunks of flesh (gained 1)
You butcher the orc corpse.
w - 6 chunks of flesh (gained 1)
Items here: )) ÷÷ a cursed +0 whip; a +0 short sword; an orc skeleton x2
Items here: )) ÷÷ a cursed +0 whip; a +0 short sword; an orc skeleton x2
Things that are here:
a +0 short sword; an orc skeleton You see here a glaive.
A - a scroll of remove curse {@r6} You hear the faint crackling of a very distant melting archway.
Found a ring mail.
Found a stone staircase leading down.
You open the door. You open the door.
There is an open door here.
Found a scroll of amnesia.
Found a frozen archway.
An adder comes into view.
The adder hisses angrily.
You block the adder's attack.
You hit the adder.
The adder is poisoned.
The adder is severely wounded.
You kill the adder!
Makhleb accepts your kill.
No target in view!
No target in view!
No target in view!
No target in view!
No target in view!
No target in view!
No target in view!
No target in view!
No target in view!
No target in view!
No target in view!
No target in view!
You see here an adder corpse.
There is a frozen archway here.
The world spins around you as you enter the gateway.
You enter an ice cave! 4 simulacra come into view.
Found an ice covered gate leading back out of this place.
There is an ice choked empty arch of ancient stone here.
There are monsters nearby!
The wolf spider simulacrum hits you but does no damage.
The wolf spider simulacrum bites you. The wolf spider simulacrum freezes you!
You slash the wolf spider simulacrum!
The wolf spider simulacrum is moderately damaged.
You hit the elephant simulacrum but do no damage.
You block the wolf spider simulacrum's attack.
The wolf spider simulacrum bites you.
The wolf spider simulacrum freezes you!!
The elephant simulacrum tramples you but does no damage.
The elephant simulacrum barely misses you.
You hit the wolf spider simulacrum.
The wolf spider simulacrum is heavily damaged.
You slash the elephant simulacrum! The wolf spider simulacrum hits you!
The wolf spider simulacrum freezes you!
* * * LOW HITPOINT WARNING * * *
You block the wolf spider simulacrum's attack.
The wolf spider simulacrum completely misses you.
The wolf spider simulacrum barely misses you.
You block the elephant simulacrum's attack. x2
You are too injured to fight recklessly!
You are too injured to fight recklessly!
You are too injured to fight recklessly!
You are too injured to fight recklessly!
You are too injured to fight recklessly!
You are too injured to fight recklessly!
You are too injured to fight recklessly!
You are too injured to fight recklessly!
You are too injured to fight recklessly!
You are too injured to fight recklessly!
You feel much better.
You block the wolf spider simulacrum's attack.
The wolf spider simulacrum barely misses you.
The elephant simulacrum tramples you but does no damage.
The elephant simulacrum trunk-slaps you but does no damage.
You feel much better.
The wolf spider simulacrum closely misses you.
The wolf spider simulacrum bites you.
The wolf spider simulacrum freezes you!!
Your magical essence is drained by the effort!
You feel much better.
The wolf spider simulacrum hits you but does no damage.
The wolf spider simulacrum barely misses you.
The elephant simulacrum tramples you. The elephant simulacrum freezes you!!
* * * LOW HITPOINT WARNING * * *
The elephant simulacrum trunk-slaps you but does no damage.
The wolf spider simulacrum barely misses you.
The wolf spider simulacrum bites you!
* * * LOW HITPOINT WARNING * * *
The wolf spider simulacrum freezes you!!
You die...

* * , #### ##
*##..## , *
##.Z##....## ,
,
*#..ZZ@.....#
, ,,
#....Z..∩.∩.#
,
....##.......#
#.. ###....##
, *# * ##..##
** ≈≈ ≈ #### ,
* ≈ * , * ≈≈ ≈
* ≈≈


You could see a death yak simulacrum, 2 elephant simulacra and a wolf spider
simulacrum.

Vanquished Creatures
  Erolcha (Orc:1)
  3 two-headed ogres
  Erica (Orc:1)
  An orc sorcerer (Orc:1)
  A kobold demonologist (D:11)
  2 trolls (D:10)
  4 hippogriffs
  Eustachio (D:6)
  5 yaks (D:9)
  3 wyverns
  A hungry ghost (D:7)
  Menkaure (D:6)
  3 water moccasins
  2 ice beasts
  A hornet zombie (D:7)
  8 orc warriors
  2 sky beasts
  3 black bears
  An eye of draining (D:10)
  3 centaurs
  A phantom (D:11)
  6 ogres
  4 big kobolds
  6 bullfrogs
  A gnoll sergeant (D:7)
  A wyvern zombie (D:10)
  Blork the orc (D:5)
  3 scorpions
  A water moccasin skeleton (D:6)
  17 killer bees
  13 wights
  A howler monkey (D:8)
  2 crimson imps
  2 centaur zombies
  8 hounds
  A quasit (D:10)
  16 orc wizards
  12 orc priests
  Crazy Yiuf (D:6)
  2 jellies
  A centaur skeleton (D:6)
  4 iguanas
  Ijyb (D:4)
  8 worker ants
  Terence (D:3)
  A hound skeleton (D:9)
  Robin (D:4)
  A worker ant zombie (D:9)
  5 gnolls (D:7)
  10 adders
  4 shadow imps
  2 white imps (D:11)
  An adder zombie (D:6)
  4 worms
  A dart slug (D:3)
  5 leopard geckos
  69 orcs
  4 giant cockroaches
  14 goblins
  7 hobgoblins
  7 jackals
  A quokka (D:6)
  A ball python (D:4)
  6 bats
  5 frilled lizards
  A jackal skeleton (D:5)
  10 kobolds
  A leopard gecko zombie (D:8)
  4 rats
326 creatures vanquished.

Vanquished Creatures (others)
  A human (D:6)
1 creature vanquished.

Grand Total: 327 creatures vanquished

Notes
Turn   | Place    | Note
-------+----------+-------------------------------------------
     0 | D:1      | EnegeticOcto the Deep Dwarf Fighter began the quest for the
                  | Orb.
     0 | D:1      | Reached XP level 1. HP: 20/20 MP: 1/1
   137 | D:2      | Reached XP level 2. HP: 27/27 MP: 1/1
   250 | D:2      | Reached skill level 1 in Dodging
   334 | D:2      | Reached XP level 3. HP: 32/34 MP: 2/2
   473 | D:3      | Reached skill level 3 in Axes
   489 | D:3      | Noticed Terence
   497 | D:3      | Killed Terence
   497 | D:3      | Reached XP level 4. HP: 39/42 MP: 3/3
   800 | D:4      | Found a shimmering altar of Xom.
   800 | D:4      | Noticed Robin
   822 | D:4      | Reached XP level 5. HP: 38/49 MP: 4/4
   832 | D:4      | Killed Robin
   909 | D:4      | Noticed Ijyb
   921 | D:4      | Killed Ijyb
   921 | D:4      | Reached skill level 4 in Axes
   941 | D:4      | Reached XP level 6. HP: 44/57 MP: 4/4
  1476 | D:5      | Entered Level 5 of the Dungeon
  1512 | D:5      | Reached XP level 7. HP: 32/66 MP: 4/4
  1574 | D:5      | Noticed Blork the orc
  1582 | D:5      | Killed Blork the orc
  1582 | D:5      | Reached skill level 5 in Axes
  1593 | D:5      | Found Puwkegrerph's Distillery.
  1680 | D:5      | Reached skill level 5 in Fighting
  2138 | D:6      | Noticed Eustachio
  2141 | D:6      | Reached skill level 5 in Armour
  2141 | D:6      | Reached skill level 5 in Shields
  2141 | D:6      | Reached XP level 8. HP: 40/74 MP: 4/4
  2145 | D:6      | Reached skill level 6 in Axes
  2153 | D:6      | Killed Eustachio
  2166 | D:6      | Noticed a two-headed ogre
  2182 | D:6      | Killed a two-headed ogre
  2182 | D:6      | Reached skill level 7 in Axes
  2182 | D:6      | Gained mutation: You passively map the area around you.
                  | [Deep Dwarf growth]
  2182 | D:6      | Reached XP level 9. HP: 66/82 MP: 3/3
  2337 | D:6      | Found a runed translucent door.
  2338 | D:6      | Noticed Crazy Yiuf
  2401 | D:6      | Reached skill level 5 in Dodging
  2470 | D:6      | Noticed Menkaure
  2476 | D:6      | Killed Menkaure
  2512 | D:6      | Found an ancient bone altar of Kikubaaqudgha.
  2573 | D:6      | Reached skill level 8 in Axes
  2887 | D:6      | Killed Crazy Yiuf
  3133 | D:7      | Found Ronei's Book Boutique.
  3187 | D:7      | Reached XP level 10. HP: 69/94 MP: 3/3
  3287 | D:7      | Found Ysekohap's Jewellery Emporium.
  3372 | D:7      | Found a staircase to the Ecumenical Temple.
  3489 | Temple   | Entered the Ecumenical Temple
  3610 | Temple   | Became a worshipper of Makhleb the Destroyer
  3814 | D:7      | Reached skill level 9 in Axes
  3891 | D:8      | Reached skill level 1 in Invocations
  4025 | D:8      | Reached * piety under Makhleb
  4417 | D:8      | Reached ** piety under Makhleb
  4506 | D:8      | Found a sacrificial altar of Ru.
  4589 | D:9      | Reached skill level 5 in Invocations
  4602 | D:9      | Reached XP level 11. HP: 104/104 MP: 6/6
  4609 | D:9      | Reached *** piety under Makhleb
  4711 | D:9      | Reached skill level 10 in Axes
  5287 | D:10     | Entered Level 10 of the Dungeon
  5553 | D:10     | Found Mekeolas's Antique Armour Shoppe.
  5658 | D:10     | Noticed a two-headed ogre
  5668 | D:10     | Killed a two-headed ogre
  5750 | D:10     | Noticed a two-headed ogre
  5761 | D:10     | Killed a two-headed ogre
  5883 | D:10     | Found a staircase to the Orcish Mines.
  6045 | Orc:1    | Entered Level 1 of the Orcish Mines
  6046 | Orc:1    | Noticed Erica
  6056 | Orc:1    | Killed Erica
  6130 | Orc:1    | Noticed Erolcha
  6143 | Orc:1    | Reached **** piety under Makhleb
  6157 | Orc:1    | Killed Erolcha
  6167 | Orc:1    | Found Vuuw's Antique Armour Boutique.
  6216 | Orc:1    | Noticed an orc sorcerer
  6228 | Orc:1    | Killed an orc sorcerer
  6468 | D:10     | Bought a shiny plate armour for 650 gold pieces
  6587 | D:11     | Found a frozen archway.
  6597 | IceCv    | Entered an ice cave
  6604 | IceCv    | Mangled by a wolf spider simulacrum

Levels and vault maps discovered:
D:1:      lemuel_arrival_room, layout_basic, serial_glass, glass_columns_a,
          glass_columns_b, hangedman_decor_clover_reticule
D:2:      layout_rooms, minmay_pentomino_w4
D:3:      layout_loops_ring, uniq_jessica, uniq_terence
D:4:      layout_loops_ring, xom_butterflies, serial_park_tiny_pond, uniq_robin,
          uniq_ijyb
D:5:      layout_layer_cave, serial_shops, nicolae_shop_trees, first_ration,
          chequers_decorated_corner, uniq_blork_the_orc
D:6:      black_bear_nest_2, layout_cave_pools, tgw_kikubaaqudgha,
          uniq_crazy_yiuf_cottage, uniq_eustachio, uniq_menkaure
D:7:      layout_basic, minmay_temple_entry_purple_smoke, serial_shops,
          nicolae_shop_temple_entry_statues_fountains, kennysheep_mini_moat
D:8:      layout_cave_pools, nicolae_ru_path_of_blood
D:9:      layout_long_grid, blue_anna_alchemist [blue_anna_fruit_fields,
          blue_anna_fruit_fields]
D:10:     layout_irregular_city, orc_0_dummy, serial_shops,
          nicolae_shop_overgrown_old_shop
D:11:     layout_roguey, lair_entry_dummy, serial_ice, serial_ice_a,
          serial_ice_d, serial_ice_m, serial_ice_g, serial_ice_n, serial_ice_b,
          serial_ice_j, serial_ice_c, portal_ice_cave_entry_pillars_1
Temple:   roderic_octagonal_lattice_temple
Orc:1:    layout_caves, serial_shops, nicolae_shop_competitors_out_of_business,
          statue_in_the_mist_lemuel, uniq_erica, uniq_erolcha
IceCv:    ice_cave_small_necro

Skill      XL: |  1  2  3  4  5  6  7  8  9 10 11 |
---------------+----------------------------------+-----
Fighting       | 3 4 5 6 7 8 9 |  9.4
Dodging        | 1 2 3 4 5 6 7 |  7.5
Axes           | 3 4 5 7 8 9 10 | 10.9
Shields        | 4 5 6 7 8 |  8.2
Armour         | 4 5 6 7 8 |  8.3
Invocations    | 5 7 |  7.7

Action                   |  1- 3 |  4- 6 |  7- 9 | 10-12 || total
-------------------------+-------+-------+-------+-------++-------
Melee: War axe           |    74 |   182 |   199 |   380 ||   835
 Abil: Heal Wounds       |     1 |     4 |    12 |    16 ||    33
  Use: Scroll            |       |       |    12 |     5 ||    17
  Eat: Chunk             |       |     3 |     9 |    12 ||    24
Armor: Scale mail        |    16 |       |       |       ||    16
       Chain mail        |    26 |   121 |   111 |   164 ||   422
       Plate armour      |       |       |       |    19 ||    19
Dodge: Dodged            |    23 |    62 |    67 |   138 ||   290
Block: Kite shield       |    42 |   109 |   124 |   229 ||   504

Table legend:
 A = Non-vault XP
 B = Vault XP
 C = Vault XP percentage of total XP
 D = Non-vault monster count
 E = Vault monster count
 F = Vault count percentage of total count
                 A         B        C        D         E       F
            +---------+---------+-------+---------+---------+-------
      Total |   16901 |    2792 |  14.2 |     295 |      31 |   9.5
            +---------+---------+-------+---------+---------+-------
        D:1 |       3 |       0 |   0.0 |       2 |       0 |   0.0
        D:2 |      41 |      12 |  22.6 |      14 |       6 |  30.0
        D:3 |      48 |      32 |  40.0 |      13 |       1 |   7.1
        D:4 |     342 |      75 |  18.0 |      21 |      14 |  40.0
        D:5 |     752 |      82 |   9.8 |      24 |       1 |   4.0
        D:6 |    2681 |     541 |  16.8 |      40 |       4 |   9.1
        D:7 |    1603 |       0 |   0.0 |      33 |       0 |   0.0
        D:8 |    2815 |       0 |   0.0 |      50 |       0 |   0.0
        D:9 |    2684 |     100 |   3.6 |      35 |       1 |   2.8
       D:10 |    3745 |       0 |   0.0 |      29 |       0 |   0.0
       D:11 |     972 |      21 |   2.1 |      18 |       2 |  10.0
      Orc:1 |    1215 |    1929 |  61.4 |      16 |       2 |  11.1
            +---------+---------+-------+---------+---------+-------
